 Dungeon Sprint DCSS version 0.27-a0-1308-gc08437e49b (webtiles) character file.

Game seed: 4226318187593615258

2454 mhtbhm the Eclecticist (level 9, 0/41 HPs)
             Began as a Spriggan Earth Elementalist on June 18, 2021.
             Was a Believer of Vehumet.
             Hit by a large rock thrown by a cyclops (41 damage)
             ... in the Dungeon (Sprint IX: "|||||||||||||||||||||||||||||").
             The game lasted 00:02:35 (1376 turns).

mhtbhm the Eclecticist (SpEE)                       Turns: 1376, Time: 00:02:35

Health: 0/41       AC:  4    Str:  7    XL:     9   Next: 25%
Magic:  11/30      EV: 19    Int: 22    God:    Vehumet [**....]
Gold:   0          SH:  0    Dex: 16    Spells: 25/40 levels left

rFire    . . .     SeeInvis +   l - +2 rapier (venom)
rCold    . . .     Faith    .   (shield restricted)
rNeg     . . .     Spirit   .   b - +0 troll leather armour
rPois    .         Reflect  .   (helmet restricted)
rElec    .         Harm     .   (no cloak)
rCorr    .         Rampage  .   (gloves unavailable)
Will     +....     NoTele   +   (boots unavailable)
Stlth    +++.......             (no amulet)
HPRegen  1.13/turn              m - +3 ring of strength
MPRegen  0.22/turn              n - +3 ring of intelligence

@: very quick
A: very small, no large weapons, unfitting armour, see invisible, speed 3
a: Renounce Religion


You were in the Dungeon.
You worshipped Vehumet.
Vehumet was pleased with you.
You visited 1 branch

Inventory:

Hand Weapons
 l - a +2 rapier of venom (weapon)
Armour
 b - a +0 troll leather armour (worn)
Jewellery
 m - a +3 ring of strength (left hand)
 n - a +3 ring of intelligence (right hand)
Wands
 k - a wand of acid (8)
Scrolls
 h - 2 scrolls of blinking
 j - 2 scrolls of amnesia
Potions
 a - a potion of invisibility
 c - 5 potions of curing
 d - 2 potions of heal wounds
 e - a potion of haste
 f - 3 potions of magic
 g - a potion of berserk rage


   Skills:
 + Level 1.0 Fighting
 + Level 0.2 Armour
 + Level 6.5 Dodging
 + Level 4.4 Stealth
 + Level 16.1 Spellcasting
 + Level 2.8 Conjurations
 + Level 2.1 Transmutations
 + Level 12.9 Earth Magic
 + Level 2.6 Evocations


You had 25 spell levels left.
You knew the following spells:

 Your Spells              Type           Power      Damage    Failure   Level
a - Sandblast             Erth           100%       2d20      1%          1
b - Passwall              Tmut/Erth      41%        N/A       1%          2
c - Stone Arrow           Conj/Erth      100%       3d13      1%          3
d - Lee's Rapid Deconstr  Erth           33%        3d18*     1%          5
e - Petrify               Tmut/Erth      50%        N/A       1%          4

Your spell library contained the following spells:

 Spells                   Type           Power      Damage    Failure   Level
 Searing Ray              Conj           60%        3d5       2%          2


Dungeon Overview and Level Annotations

Branches:
Dungeon (1/1)

Altars:
Cheibriados
Dithmenos
Elyvilon
Fedhas
Gozag
Hepliaklqana
Kikubaaqudgha
Makhleb
Nemelex Xobeh
Okawaru
Qazlal
Ru
Sif Muna
Trog
Uskayaw
Vehumet
Wu Jian
Xom
Yredelemnul
Zin
The Shining One
Beogh
Jiyva
Lugonu


Innate Abilities, Weirdness & Mutations

You are very small and have problems with some larger weapons.
You are too small for most types of armour.
You have supernaturally acute eyesight. (SInv)
You cover ground extremely quickly. (Speed+++)


Message History

The six-headed hydra is severely wounded.
Unknown command.
Unknown command.
Casting: Lee's Rapid Deconstruction (dangerous; 1% risk of failure)
Confirm with . or Enter, or press ? or * to list all spells.
Aiming: Lee's Rapid Deconstruction (dangerous; 1% risk of failure)
Press: ? - help, Dir - move target, f - six-headed hydra Fragment what (e.g. wall or brittle monster)?: a six-headed hydra (severely wounded)
An open door.
The stone door frame shatters!
The blast of rock fragments hits the six-headed hydra!!
You kill the six-headed hydra!
Vehumet accepts your kill.
The blast of rock fragments hits the basilisk!!
The basilisk is almost dead.
The kobold demonologist mumbles some strange words.
Your Spellcasting skill increases to level 15!
Your Transmutations skill increases to level 2!
You have reached level 9!
Your experience leads to an increase in your attributes!
Your base attributes are Str 4, Int 18, Dex 16.
Increase (S)trength, (I)ntelligence, or (D)exterity?
You feel clever.
Unknown command.
Casting: Lee's Rapid Deconstruction (dangerous; 1% risk of failure)
Confirm with . or Enter, or press ? or * to list all spells.
Aiming: Lee's Rapid Deconstruction (dangerous; 1% risk of failure)
Press: ? - help, Dir - move target, f - basilisk Fragment what (e.g. wall or brittle monster)?: a basilisk (severely wounded)
An open door.
The stone door frame shatters!
The blast of rock fragments hits the basilisk!!
You kill the basilisk!
Vehumet accepts your kill.
You feel your power returning.
Your Spellcasting skill increases to level 16!
Unknown command.
The cyclops throws a large rock.
The large rock hits you!!!
Ouch! That really hurt!
You die... ▓▓▓▓▓▓▓▓▓▓▓▓▓▓▓▓▓▓▓▓▓▓▓▓▓▓▓▓ ____'..)..[[..'.@....'C5.KWc ▓▓▓▓▓▓▓▓▓▓▓▓▓▓▓▓▓▓▓▓▓▓▓▓▓▓▓▓

You could see a cyclops and a shadow imp (summoned).

Vanquished Creatures
  A hydra (D)
  A two-headed ogre (D)
  An unseen horror (D)
  A komodo dragon (D)
  A troll (D)
  A basilisk (D)
  3 centaurs (D)
  An adder (D)
  A shadow imp (D)
  An orc (D)
  A bat (D)
  An endoplasm (D)
  2 quokkas (D)
  A ball python (D)
  A jackal skeleton (D)
18 creatures vanquished.

Notes
Turn   | Place    | Note
-------+----------+-------------------------------------------
     0 | D        | mhtbhm the Spriggan Earth Elementalist began the quest for
                  | the Orb.
     0 | D        | Reached XP level 1. HP: 9/9 MP: 5/5
     9 | D        | Reached skill level 3 in Spellcasting
   110 | D        | Noticed a centaur
   112 | D        | Reached XP level 2. HP: 13/13 MP: 5/7
   122 | D        | Killed a centaur
   123 | D        | Reached skill level 6 in Spellcasting
   123 | D        | Reached XP level 3. HP: 8/16 MP: 6/11
   123 | D        | Reached XP level 4. HP: 10/21 MP: 7/13
   273 | D        | Learned a level 2 spell: Passwall
   277 | D        | Learned a level 3 spell: Stone Arrow
   444 | D        | Found a snail-covered altar of Cheibriados.
   444 | D        | Found a shadowy altar of Dithmenos.
   444 | D        | Found a white marble altar of Elyvilon.
   444 | D        | Found a blossoming altar of Fedhas.
   444 | D        | Found an opulent altar of Gozag.
   445 | D        | Found a hazy altar of Hepliaklqana.
   446 | D        | Found a viscous altar of Jiyva.
   447 | D        | Found an ancient bone altar of Kikubaaqudgha.
   448 | D        | Found a corrupted altar of Lugonu.
   449 | D        | Found a burning altar of Makhleb.
   450 | D        | Found a sparkling altar of Nemelex Xobeh.
   451 | D        | Found an iron altar of Okawaru.
   452 | D        | Found a stormy altar of Qazlal.
   453 | D        | Found a sacrificial altar of Ru.
   454 | D        | Found a shimmering blue altar of Sif Muna.
   455 | D        | Found a bloodstained altar of Trog.
   456 | D        | Found a hide-covered altar of Uskayaw.
   457 | D        | Found a radiant altar of Vehumet.
   458 | D        | Found an ornate altar of the Wu Jian Council.
   459 | D        | Found a shimmering altar of Xom.
   460 | D        | Found a basalt altar of Yredelemnul.
   461 | D        | Found a glowing silver altar of Zin.
   462 | D        | Found a glowing golden altar of the Shining One.
   465 | D        | Became a worshipper of Vehumet
   495 | D        | Noticed an unseen horror
   495 | D        | Noticed a two-headed ogre
   495 | D        | Noticed a komodo dragon
   495 | D        | Noticed a centaur
   495 | D        | Noticed a troll
   495 | D        | Noticed a centaur
   505 | D        | Killed an unseen horror
   506 | D        | Reached skill level 5 in Dodging
   506 | D        | Reached skill level 10 in Spellcasting
   506 | D        | Reached skill level 1 in Conjurations
   506 | D        | Reached XP level 5. HP: 25/25 MP: 6/19
   506 | D        | Reached XP level 6. HP: 29/29 MP: 6/20
   604 | D        | Killed a two-headed ogre
   605 | D        | Reached skill level 13 in Spellcasting
   605 | D        | Reached skill level 1 in Evocations
   605 | D        | Reached XP level 7. HP: 32/32 MP: 7/24
   802 | D        | Learned a level 5 spell: Lee's Rapid Deconstruction
   807 | D        | Learned a level 4 spell: Petrify
   813 | D        | Killed a komodo dragon
   813 | D        | Reached * piety under Vehumet
   813 | D        | Offered knowledge of Shock by Vehumet.
   814 | D        | Reached XP level 8. HP: 37/37 MP: 14/26
   820 | D        | Reached skill level 1 in Fighting
   820 | D        | Reached skill level 14 in Spellcasting
   935 | D        | Killed a troll
  1157 | D        | Reached ** piety under Vehumet
  1157 | D        | Offered knowledge of Searing Ray by Vehumet.
  1368 | D        | Noticed a six-headed hydra
  1368 | D        | Noticed a cyclops
  1368 | D        | Noticed a kobold demonologist
  1368 | D        | Noticed a centaur warrior
  1372 | D        | Killed a six-headed hydra
  1373 | D        | Reached skill level 15 in Spellcasting
  1373 | D        | Reached XP level 9. HP: 41/41 MP: 12/29
  1374 | D        | Reached skill level 16 in Spellcasting
  1376 | D        | Hit by a large rock thrown by a cyclops

Illustrated notes

Levels and vault maps discovered:
D:        linesprint [early_d, line_temple, items_1, d_10, items_2, lair_1,
          lair_end, items_3, orc_1, orc_end, items_4, d_15, swamp_1, shoals_1,
          snake_1, spider_1, d_20, vaults_1, items_5, swamp_end, shoals_end,
          snake_end, spider_end, vaults_end, d_27, items_6, zot_1, zot_end,
          crypt_end, forest_end, elf_end, slime_end, tomb_end, abyss_end,
          pan_hell_end]

Skill      XL: |  1  2  3  4  5  6  7  8  9 |
---------------+----------------------------+-----
Earth Magic    | 4 6 9 11 12 | 12.9
Spellcasting   | 3 6 10 13 15 16 | 16.1
Dodging        | 4 5 6 |  6.5
Stealth        | 4 |  4.4
Conjurations   | 1 2 |  2.8
Evocations     | 1 2 |  2.6
Fighting       | 1 |  1.0
Transmutations | 2 |  2.1
Armour         | |  0.2

Action                   |  1- 3 |  4- 6 |  7- 9 || total
-------------------------+-------+-------+-------++-------
Melee: Unarmed           |     1 |       |       ||     1
 Cast: Sandblast         |    15 |    15 |       ||    30
       Stone Arrow       |       |     8 |       ||     8
       Lee's Rapid Decon |       |       |    13 ||    13
       Petrify           |       |       |     1 ||     1
Evoke: Wand              |       |     2 |       ||     2
  Use: Potion            |     1 |     1 |       ||     2
Armor: Robe              |     4 |     1 |       ||     5
Dodge: Dodged            |    26 |    25 |       ||    51

Table legend: (Time is in decaauts)
 A = Elapsed time spent in this place.
 B = Non-inter-level travel time spent in this place.
 C = Inter-level travel time spent in this place.
 D = Time resting spent in this place.
 E = Time spent auto-exploring this place.
 F = Levels seen in this place.
 G = Mean time per level.
                   A        B        C        D        E       F      G
               +--------+--------+--------+--------+--------+-----+--------+
         Total |   1288 |   1288 |      0 |   1043 |     42 |   1 | 1288.0 |
       Dungeon |   1288 |   1288 |      0 |   1043 |     42 |   1 | 1288.0 |
               +--------+--------+--------+--------+--------+-----+--------+

Top non-repeatable levels by time:
       D: 1288 daAuts
